[Event "Ruzomberok Closed 2020 - 3. turnaj"]
[Site "Ruzomberok, Slovakia"]
[Date "2020.09.05"]
[Round "1.1"]
[White "Konkol, Emil"]
[Black "Grib, Stefan"]
[Result "1-0"]
[TimeControl "10m + 5s"]
[WhiteElo "1799"]
[BlackElo "1429"]

1. e4 d5 2. exd5 Qxd5 3. Nc3 Qa5 4. Bb5+ c6 5. Be2 Nf6 6. Nf3 Bf5 7. O-O e6 8. a3 Bd6 9. Nd4 Bg6 10.
d3 O-O 11. Bd2 Qc7 12. Nf3 Nbd7 13. Ne4 Nxe4 14. dxe4 Bxe4 15. Bd3 Bxd3 16. cxd3 Nf6 17. Bc3 Nd5 18. d4 h6 19. Re1 Rfe8 20. Qc2 Nxc3 21. bxc3 b5 22.
a4 a6 23. axb5 axb5 24. c4 Rec8 25. cxb5 Rxa1 26. Rxa1 cxb5 27. Qxc7 Bxc7 28. Rb1 Rb8 29. Ne1 b4 30. Rb3 Kf8 31.
Nd3 Bd6 32. f3 Ke7 33. Kf2 f6 34. Ke2 e5 35. dxe5 fxe5 36. Ke3 Ke6 37. Ke4 Ra8 38. g3 Ra3 39. Nc1 Rxb3 40. Nxb3 g5 41. Na5 Bc7 42. Nb3 Bd6 43. Nc1 Bc7 44. h3 Bd6 45. Nb3 Be7 46.
Na5 Bc5 47. f4 Bd4 48. f5+ Kf6 49. g4 Bc3 50. Kd5 h5 51. Nb3 hxg4 52. hxg4 Bb2 53. Nc5 Bc3 54. Ne4+ Ke7 55. Kc4 Be1 56.
Nxg5 Kf6 57. Ne4+ Kf7 58. g5 Bh4 59. g6+ Kg7 60. Kxb4 Be7+ 61. Kc4 Bd8 62. Kd5 Bc7 63. Ke6 Bb8 64.
Ke7 Ba7 65. Ke6 Bb6 66. Kd5 Bd4 67. Ke6 Bb2 68. Kd5 Ba1 69. Nd6 Bb2 70. Ke4 Kf6 71. Ne8+ Ke7 1-0

[Event "Ruzomberok Closed 2020 - 3. turnaj"]
[Site "Ruzomberok, Slovakia"]
[Date "2020.09.05"]
[Round "1.3"]
[White "Holly, Andrej"]
[Black "Ciglian, Michal"]
[Result "1-0"]
[TimeControl "10m + 5s"]
[WhiteElo "1714"]
[BlackElo "1388"]

1. c4 e5 2. g3 Nc6 3. Bg2 Nf6 4.
Nc3 b6 5. Nf3 d6 6. Nxe5 Nxe5 7. Bxa8 Bh3 8. Bf3 Qe7 9. e3 Nxc4 10. Qa4+ Bd7 11. Qxc4 g6 12. O-O Bg7 13. d4 h5 14.
Qxc7 O-O 15. Bd2 Rc8 16. Qxa7 Qd8 17. Rac1 Bg4 18. Bg2 d5 19. Nxd5 Rxc1 20. Nxf6+ Qxf6 21. Rxc1 Kh7 22. Rc7 Qg5 23.
Rxf7 Qh6 24. e4 Qxd2 25. Rxg7+ Kh6 26. Rh7+ Kg5 27. Qe7# 1-0

[Event "Ruzomberok Closed 2020 - 3. turnaj"]
[Site "Ruzomberok, Slovakia"]
[Date "2020.09.05"]
[Round "1.4"]
[White "Sustek, Adam"]
[Black "Demko, Ladislav"]
[Result "1/2-1/2"]
[TimeControl "10m + 5s"]
[WhiteElo "1377"]
[BlackElo "1701"]

1. e4 c5 2. c3 e6 3. d4 cxd4 4. cxd4 Nc6 5. Nf3 Nf6 6. Bd3 Be7 7. Nc3 O-O 8. Bd2 d5 9. e5 Nd7 10.
Rc1 f6 11. exf6 Bxf6 12. Ne2 e5 13. dxe5 Ncxe5 14. Nxe5 Nxe5 15. Bb1 Nc4 16. b3 Nxd2 17. Qxd2 Be6 18. O-O Rc8 19. Rxc8 Qxc8 20.
Rc1 Qd7 21. Nd4 Bf7 22. h3 h6 23. Bf5 Qd8 24. Ne6 Bxe6 25. Bxe6+ Kh8 26. Rc8 Qe7 27. Rxf8+ Qxf8 28. Qxd5 b6 29.
Qb7 Qc5 30. Qb8+ Kh7 31. Qg8+ Kg6 32. Qf7+ Kh7 33. Qg8+ Kg6 34. Bc4 Qe5 35. Qf7+ Kg5 36. Qxa7 Qe1+ 37. Kh2 Qxf2 38. Qc7 h5 39.
Qg3+ Qxg3+ 40. Kxg3 Be5+ 41. Kf3 h4 42. Ke4 Bd6 43. a4 Kf6 44. Kd5 Ke7 45. Kc6 Bc7 46. b4 Bd8 47. Kb5 Kd6 48. a5 bxa5 49. bxa5 Kc7 50.
a6 Kb8 51. Kc6 Ka7 52. Kd7 Bb6 53. Ke6 Be3 54. Kf5 g5 55. Ke4 Bf4 56. Kf3 Kb6 57. Kg4 Be3 58. Kf3 1/2-1/2

[Event "Ruzomberok Closed 2020 - 3. turnaj"]
[Site "Ruzomberok, Slovakia"]
[Date "2020.09.05"]
[Round "1.5"]
[White "Caban, Lubor"]
[Black "Jurky, Marian"]
[Result "1-0"]
[TimeControl "10m + 5s"]
[WhiteElo "1668"]
[BlackElo "1347"]

1. e4 c5 2. Nf3 d6 3. Nc3 Nc6 4. Bb5 Bd7 5. d3 Nf6 6. Bg5 e6 7. O-O Be7 8. d4 cxd4 9. Nxd4 Nxd4 10.
Qxd4 Bxb5 11. Nxb5 a6 12. Bxf6 Bxf6 13. Nxd6+ Ke7 14. e5 Bxe5 15. Qxe5 Qxd6 16. Qxg7 Rhg8 17. Qh6 Rg6 18. Qh4+ Kf8 19.
a3 Kg7 20. Rad1 Qe5 21. Qd4 Qxd4 22. Rxd4 b5 23. Rd7 h5 24. c3 Kh6 25. Rfd1 f6 26. Rf7 Rag8 27. g3 h4 28. Rd4 hxg3 29. hxg3 R8g7 30. Rh4+ Kg5 31.
f4+ Kf5 32. Rh5+ Ke4 33. Rxg7 Rxg7 34. Kf2 f5 35. Rh6 Kd5 36. Kf3 Rd7 37. Ke3 Rc7 38. Kd3 Rc4 39. b3 Re4 40. Rh8 Kc6 41.
Rd8 Re1 42. Re8 Kd7 43. Ra8 Rb1 44. Kc2 Rg1 45. Rxa6 Rxg3 46. Rb6 Rf3 47. Rxb5 Rxf4 48. Kd3 Rf3+ 49. Kd2 f4 50. Re5 Kd6 51. Re4 Kd5 52. Ra4 e5 53.
Ra5+ Ke6 54. a4 e4 55. Rh5 Rd3+ 56. Kc2 f3 57. Rh2 Re3 58. Kd2 Rd3+ 59. Kc2 Re3 60. a5 Kd6 61. a6 Kc6 62. b4 Kb6 63. b5 Rd3 64. c4 Rd4 65. Kc3 Rd3+ 66. Kc2 Rd4 67. Rh6+ Ka7 68. Rh7+ Kb6 69. Rb7+ Kc5 70. Rc7+ Kb4 71. b6 f2 72. b7 f1=Q 73.
b8=Q+ Ka4 74. Qb3+ Ka5 75. Rc5+ Kxa6 76. Qb5+ Ka7 77. Rc7+ Ka8 78. Qb7# 1-0

[Event "Ruzomberok Closed 2020 - 3. turnaj"]
[Site "Ruzomberok, Slovakia"]
[Date "2020.09.05"]
[Round "1.6"]
[White "Gollner, Martin"]
[Black "Gasper, Peter"]
[Result "1-0"]
[TimeControl "10m + 5s"]
[WhiteElo "1123"]
[BlackElo "1650"]

1. e4 c5 2. Nf3 Nc6 3. d4 cxd4 4. Nxd4 e5 5. Nf3 d6 6. Nc3 Nf6 7. Bg5 Be7 8. Qd2 h6 9. Bh4 g5 10.
Bg3 a6 11. O-O-O b5 12. Qe3 Qc7 13. Bd3 Qa7 14. Qxa7 Rxa7 15. h4 g4 16. Nd2 h5 17. f3 Bb7 18. Nb3 Ba8 19. Bf2 Rd7 20.
Rd2 Rg8 21. Rhd1 gxf3 22. gxf3 Rb7 23. Rg1 Rxg1+ 24. Bxg1 Rb8 25. Rg2 Bf8 26. Be3 Ke7 27. Bg5 Ke6 28. Bxf6 Kxf6 29. Nd5+ Ke6 30.
f4 Nd4 31. f5+ Kd7 32. Nxd4 exd4 33. Nf6+ Kc7 34. Nxh5 Bh6+ 35. Kb1 Re8 36. Nf6 Re5 37. b3 Be3 38. Rg7 Rc5 39. Rxf7+ Kb6 40.
Nd7+ Ka5 41. Nxc5 dxc5 42. e5 c4 43. bxc4 bxc4 44. Bxc4 Be4 45. Kb2 Bd2 46. Kb3 Bc3 47. Ra7 Kb6 48. Rxa6+ Kc5 49. f6 Bd2 50. f7 Bh6 51.
Rxh6 1-0

[Event "Ruzomberok Closed 2020 - 3. turnaj"]
[Site "Ruzomberok, Slovakia"]
[Date "2020.09.05"]
[Round "1.7"]
[White "Hajtmansky, Milan"]
[Black "Novak, Michal"]
[Result "1-0"]
[TimeControl "10m + 5s"]
[WhiteElo "1590"]
[BlackElo "1096"]

1. e4 e5 2. f4 exf4 3. Nf3 Nc6 4. d4 d5 5. e5 Bg4 6.
Bb5 Bxf3 7. Qxf3 Qh4+ 8.
g3 fxg3 9. hxg3 Qxd4 10. Bxc6+ bxc6 11. Nc3 Bb4 12. Bd2 Qxe5+ 13. Qe2 Qxe2+ 14. Nxe2 Bxd2+ 15. Kxd2 Ne7 16. Rhf1 Rb8 17. b3 c5 18. Rae1 c6 19.
Nf4 f6 20. Ne6 Kf7 21. Nxc5 Ng6 22. Re2 Ne5 23. Rxe5 Rb4 24. Re3 Rg4 25. Rfe1 Kg6 26. Ne6 a5 27. Nf4+ Kh6 28. Rh1+ Kg5 29.
Rh5# 1-0

[Event "Ruzomberok Closed 2020 - 3. turnaj"]
[Site "Ruzomberok, Slovakia"]
[Date "2020.09.05"]
[Round "1.8"]
[White "Jurgos, Samuel"]
[Black "Konkolova, Nikola"]
[Result "1/2-1/2"]
[TimeControl "10m + 5s"]
[WhiteElo "1073"]
[BlackElo "1483"]

1. d4 e6 2. Nf3 c6 3. e4 d5 4. e5 c5 5. Bb5+ Bd7 6. Qe2 Qa5+ 7. Nc3 cxd4 8. Nxd4 Bb4 9. Bd2 a6 10.
Nb3 Bxb5 11. Nxb5 Bxd2+ 12. Qxd2 Qxd2+ 13. Kxd2 axb5 14. Nc5 b6 15. Nb7 Nd7 16. f4 Ra4 17. Rhf1 Ne7 18. Nd6+ Kf8 19.
b3 Ra7 20. Nxb5 Ra8 21. g4 g6 22. h4 Nc5 23. Nd6 Kg7 24. h5 f5 25. exf6+ Kxf6 26. g5+ Kg7 27. h6+ Kg8 28. b4 Ne4+ 29.
Nxe4 dxe4 30. Ke3 Nf5+ 31. Kxe4 Ng3+ 32. Ke5 Nxf1 33. Rxf1 Rxa2 34. Kxe6 Rxc2 35. f5 gxf5 36. Rxf5 Rc6+ 37.
Ke7 Rc8 38. Rb5 Rc7+ 39. Kd6 Rf7 40. Rxb6 Rf5 41. Ke6 Rf8 42. Rb7 Re8+ 43. Kf6 Rf8+ 44. Ke6 Re8+ 1/2-1/2

[ePGN "0.1;DGT LiveChess/2.2.5"]

[Event "Ruzomberok Closed 2020 - 3. turnaj"]
[Site "Ruzomberok, Slovakia"]
[Date "2020.09.05"]
[Round "2.1"]
[White "Caban, Lubor"]
[Black "Konkol, Emil"]
[Result "0-1"]
[TimeControl "10m + 5s"]
[WhiteElo "1668"]
[BlackElo "1799"]

1. e4 e5 2. Nf3 Nc6 3. Bb5 a6 4. Bxc6 dxc6 5. d4 Bg4 6. dxe5 Qxd1+ 7. Kxd1 Bxf3+ 8. gxf3 O-O-O+ 9. Ke2 Ne7 10. Nc3 Ng6 11. Bg5 Rd7 12. Rad1 Nxe5 13. Bf4 Bd6 14.
Bg3 h5 15. f4 Nc4 16. e5 Bc5 17. Rxd7 Kxd7 18. Rd1+ Kc8 19. Ne4 Ba7 20. b3 Na3 21. f5 Nxc2 22. f4 Nd4+ 23. Kf1 Nxf5 24. Bf2 Bxf2 25. Kxf2 Ne7 26.
Ng5 f6 27. Nf7 Rf8 28. e6 Nd5 29. f5 b5 30. Kf3 Rg8 31. Rd3 g5 32. Ke4 h4 33. h3 g4 34. Nh6 g3 35. Nxg8 g2 36.
Rd1 Nc3+ 37. Kf3 Nxd1 38. Kxg2 Ne3+ 39. Kf3 Nxf5 40. Nxf6 Nd4+ 41. Kg4 Nxe6 42. Kxh4 Kd8 43. Kg4 Ke7 44. Kf5 a5 45. h4 Kf7 46.
Ne4 c5 47. Ke5 c4 48. bxc4 b4 49. Nd2 a4 50. Nb1 b3 51. axb3 axb3 52. Kd5 b2 53. c5 Ke7 54. Kc6 Kd8 55.
Kd5 Kd7 56. c6+ Ke7 57. Ke5 Nd8 58. Kd5 Kf6 59. Kc4 Nxc6 60. Kc3 Kg6 61. Kxb2 Kh5 62. Nc3 Nd4 63. Nd5 c6 64. Nf4+ Kxh4 65. Kc3 Nb5+ 66. Kc4 Kg4 67.
Ne6 Kf5 68. Nd4+ Nxd4 69. Kxd4 Ke6 70. Kc5 Kd7 71. Kd4 Kd6 72. Kc4 c5 73. Kc3 Kc6 74. Kc4 Kb6 75. Kb3 Ka5 76. Kc4 Kb6 77.
Kb3 Kb5 78. Kb2 Kc4 79. Kc2 Kd4 80. Kb3 Kd3 81. Kb2 c4 82. Kc1 Kc3 83. Kd1 Kb2 84.
Kd2 0-1

[Event "Ruzomberok Closed 2020 - 3. turnaj"]
[Site "Ruzomberok, Slovakia"]
[Date "2020.09.05"]
[Round "2.2"]
[White "Gasper, Jaroslav"]
[Black "Hajtmansky, Milan"]
[Result "1-0"]
[TimeControl "10m + 5s"]
[WhiteElo "1721"]
[BlackElo "1590"]

1. e4 g6 2. d4 Bg7 3.
f4 e6 4.
Nf3 Ne7 5. h4 Nbc6 6. a3 d5 7. e5 Nf5 8. g4 Nfe7 9. b4 a6 10. b5 axb5 11. Bxb5 Ra5 12. Qd3 Bd7 13. Bd2 Ra8 14. h5 Na5 15. Bxa5 Rxa5 16.
Nc3 Qa8 17. Bxd7+ Kxd7 18. Nb5 Qa6 19. Rb1 c6 20. Nd6 Qxd3 21. Rxb7+ Kd8 22. cxd3 Rxa3 23. O-O Rxd3 24. Nxf7+ Kc8 25.
Rxe7 Ra3 26. Nxh8 Bxh8 27. Re8+ Kd7 28. Rxh8 Kc7 29. Rxh7+ Kb6 30. hxg6 Ra8 31. Rb1+ Ka6 32. g7 Rg8 33.
Rh8 Rxg7 34. Ra8+ 1-0

[Event "Ruzomberok Closed 2020 - 3. turnaj"]
[Site "Ruzomberok, Slovakia"]
[Date "2020.09.05"]
[Round "2.3"]
[White "Gollner, Martin"]
[Black "Holly, Andrej"]
[Result "0-1"]
[TimeControl "10m + 5s"]
[WhiteElo "1123"]
[BlackElo "1714"]

1. e4 g6 2. d4 Bg7 3. c4 d6 4. f4 Nf6 5.
Nc3 O-O 6. Nf3 c5 7. d5 e6 8. Bd3 exd5 9. cxd5 a6 10. O-O b5 11. Be3 Ng4 12. Bf2 Nxf2 13. Rxf2 Nd7 14. Qc2 c4 15.
Be2 Nc5 16. e5 Bf5 17. Qd2 b4 18. Nd1 c3 19. Qd4 Qa5 20. bxc3 bxc3 21. Qxc3 Qb6 22. Qb2 Qa7 23. Nd4 Ne4 24.
Nc6 Qc7 25. Rf1 dxe5 26. fxe5 Rab8 27. Nxb8 Rxb8 28. Qc1 Qxe5 29. Rb1 Qd4+ 30. Qe3 Rxb1 31. Qxd4 Bxd4+ 32. Kh1 Nd2 33.
Rf4 Bc5 34. g3 Bc2 0-1

[Event "Ruzomberok Closed 2020 - 3. turnaj"]
[Site "Ruzomberok, Slovakia"]
[Date "2020.09.05"]
[Round "2.4"]
[White "Demko, Ladislav"]
[Black "Jurgos, Samuel"]
[Result "0-1"]
[TimeControl "10m + 5s"]
[WhiteElo "1701"]
[BlackElo "1073"]

1. d4 d6 2. c4 g6 3. Nc3 Bg7 4. e4 c5 5. dxc5 dxc5 6. Qxd8+ Kxd8 7. Nf3 Nc6 8. Be3 b6 9. O-O-O+ Kc7 10.
Nb5+ Kb7 11. Bf4 e5 12. Bg3 Bg4 13. Rd7+ Bxd7 14. Nd6+ Kc7 15. Nxf7 Nge7 16. Nxh8 Rxh8 17. Be2 Bg4 18.
h3 Bxf3 19. gxf3 Nd4 20. Bd1 Rf8 21. Bh4 Nec6 22. a3 Nxf3 23. Bg3 Bh6+ 24. Kc2 Ncd4+ 25. Kd3 Nd2 26. Bxe5+ Kc6 27. Ba4+ b5 28.
cxb5+ Nxb5 29. f4 Nf3 30. Bxb5+ Kxb5 31. b3 Nxe5+ 32. fxe5 Rf3+ 33. Kc2 Re3 34. Rd1 Rxe4 35. Rd5 Re2+ 36.
Kc3 Bg7 37. a4+ Kc6 38. Rd6+ Kc7 39. Ra6 Bxe5+ 40. Kd3 Rb2 41. Rxa7+ Kb6 42. Rxh7 Rxb3+ 43. Kc4 Ka5 44. Kxc5 Rc3 45. Kd5 Bf4 46. h4 Kxa4 47. Ke4 Bg3 48. h5 g5 49. Rg7 Bf4 50.
h6 Re3 51. Kf5 Rh3 52. h7 Bc1 53. Kg4 Rh4 54. Kf5 Kb3 55. Rc7 Bd2 56. Kg6 g4 57. Rd7 Kc3 58. Rc7+ Kd3 59. Re7 g3 0-1

[Event "Ruzomberok Closed 2020 - 3. turnaj"]
[Site "Ruzomberok, Slovakia"]
[Date "2020.09.05"]
[Round "2.5"]
[White "Konkolova, Nikola"]
[Black "Sustek, Adam"]
[Result "0-1"]
[TimeControl "10m + 5s"]
[WhiteElo "1483"]
[BlackElo "1377"]

1. e4 e6 2. d4 d5 3. exd5 exd5 4. Nf3 Bd6 5. Bd3 Nc6 6. c3 Nge7 7. O-O O-O 8. Be3 Bf5 9. Bxf5 Nxf5 10.
Qd3 Qd7 11. Nbd2 Rfe8 12. Rae1 a6 13. h3 f6 14. Nh2 Nxe3 15. Rxe3 Rxe3 16. fxe3 Bxh2+ 17. Kxh2 Qd6+ 18. Kh1 Qg3 19. Qe2 Re8 20. Rf3 Qg6 21.
Qf2 Qc2 22. Nf1 Qb1 23. a3 Na5 24. Kh2 Nc4 25. Rg3 Kf8 26. Qf4 Re7 27. b4 Qc1 28. Qf3 c6 29. Qf5 h6 30. Qh7 Qxf1 31.
Qh8+ Kf7 32. Rxg7+ Ke6 33. Qg8+ Kd7 34. Rxe7+ Kxe7 35. Qg7+ Ke6 36. Qxb7 Nxe3 37. Qxc6+ Kf5 38. Qd7+ Ke4 39.
Qh7+ Nf5 40. g4 Qf2+ 41. Kh1 Qf3+ 42. Kg1 Qg3+ 43. Kf1 Qxh3+ 44. Kf2 Qxg4 45. a4 Qg7 46. Qxg7 Nxg7 47. b5 axb5 48. axb5 Ne6 49. b6 Nd8 50. Ke2 h5 51. Kf2 Kd3 52. Kg3 Kxc3 53. Kh4 Kxd4 54. Kxh5 Ke4 0-1

[Event "Ruzomberok Closed 2020 - 3. turnaj"]
[Site "Ruzomberok, Slovakia"]
[Date "2020.09.05"]
[Round "2.6"]
[White "Gasper, Peter"]
[Black "Ciglian, Michal"]
[Result "0-1"]
[TimeControl "10m + 5s"]
[WhiteElo "1650"]
[BlackElo "1388"]

1. c4 e5 2. Nc3 Nf6 3. e4 Nc6 4. d3 Bc5 5. Be3 Bb6 6. a3 O-O 7. Nf3 d6 8. Be2 Be6 9. O-O Ng4 10.
Bxb6 axb6 11. h3 Nf6 12. d4 exd4 13. Nxd4 Nxd4 14. Qxd4 Qd7 15. f4 Qe7 16. Bf3 Nd7 17. Rae1 Nc5 18.
b4 Nb3 19. Nd5 Bxd5 20. exd5 Qxe1 21. Rxe1 Nxd4 22. Re3 Nxf3+ 23. Rxf3 g6 24. Kf2 Rfe8 25. Rc3 c5 26. dxc6 bxc6 27.
Rd3 Re6 28. g4 f5 29. gxf5 gxf5 30. Kf3 Kf7 31. c5 bxc5 32. bxc5 d5 33. Rb3 Re7 34. Kg3 Ra5 35. Rc3 Re4 0-1

[Event "Ruzomberok Closed 2020 - 3. turnaj"]
[Site "Ruzomberok, Slovakia"]
[Date "2020.09.05"]
[Round "2.7"]
[White "Grib, Stefan"]
[Black "Jurky, Marian"]
[Result "0-1"]
[TimeControl "10m + 5s"]
[WhiteElo "1429"]
[BlackElo "1347"]

1. d4 d5 2. Bf4 c5 3. c3 Nc6 4. e3 Bf5 5. Bd3 Bg6 6.
Nf3 e6 7. h4 h5 8. Bxg6 fxg6 9. Qd3 Nge7 10. Nbd2 Nf5 11.
Ne5 Nxe5 12. Bxe5 c4 13. Qc2 Bd6 14. Nf3 O-O 15. Bxd6 Qxd6 16. Ne5 Rf6 17. O-O-O Raf8 18. g4 Ne7 19.
f4 b5 20. gxh5 gxh5 21. Qe2 Rh6 22. Rdg1 Nf5 23. Kc2 a5 24. Rg5 Rff6 25. Rxh5 Ng3 26. Qg4 Nxh5 27. Rg1 Qf8 28. Nd7 Qf7 29.
Nxf6+ Nxf6 30. Qg5 Ne4 31. Qe5 Rg6 32. Qb8+ Kh7 33. Rxg6 Qxg6 34. b3 Qg2+ 35. Kb1 Qf1+ 36. Kb2 cxb3 37. Qe5 Nf6 38. Qxe6 Qf2+ 39. Kxb3 Qxh4 40.
Qf5+ Kh8 41. Qc8+ Kh7 42. Qf5+ Kh6 43. a4 bxa4+ 44. Kxa4 Qg4 45. Qd3 Qd7+ 46. Kxa5 Qc7+ 47. Kb4 Qd6+ 48.
Kb3 Ne4 49. Qe2 Qb6+ 50. Kc2 Qc6 51.
Qh2+ Kg6 52. Qg2+ Kf7 0-1

[Event "Ruzomberok Closed 2020 - 3. turnaj"]
[Site "Ruzomberok, Slovakia"]
[Date "2020.09.05"]
[Round "3.1"]
[White "Konkol, Emil"]
[Black "Gasper, Jaroslav"]
[Result "1-0"]
[TimeControl "10m + 5s"]
[WhiteElo "1799"]
[BlackElo "1721"]

1. e4 d5 2. exd5 c6 3. dxc6 Nxc6 4. Nf3 Bg4 5. Be2 e6 6. O-O h5 7. c3 Bd6 8. d4 Qc7 9. h3 O-O-O 10. Nbd2 Nf6 11. Nc4 Bf4 12. Bxf4 Qxf4 13. Nfe5 Nxe5 14.
Nxe5 Rdf8 15. g3 Qe4 16. f3 Qe3+ 17. Kg2 Bf5 18. Nc4 Qg5 19. Qb3 Rd8 20. Ne5 h4 21. g4 Qf4 22. Rg1 Rhf8 23. gxf5 Nh5 24. Nxf7 Qxf5 25.
Qc4+ Kb8 26. Nxd8 Nf4+ 27. Kf2 Nxh3+ 28. Kf1 Nxg1 29. Kxg1 Rxd8 30. Kf2 Qf4 31. Qxe6 Qg3+ 32. Ke3 Qg5+ 33. Kd3 Qb5+ 34. Kc2 Qa4+ 35.
b3 Qa5 36. Qe5+ Qxe5 37. dxe5 g5 38. Rg1 Rg8 39. Kd3 1-0

[Event "Ruzomberok Closed 2020 - 3. turnaj"]
[Site "Ruzomberok, Slovakia"]
[Date "2020.09.05"]
[Round "3.2"]
[White "Holly, Andrej"]
[Black "Sustek, Adam"]
[Result "1-0"]
[TimeControl "10m + 5s"]
[WhiteElo "1714"]
[BlackElo "1377"]

1. Nf3 Nf6 2. g3 e6 3. Bg2 d5 4.
O-O Bd6 5. d3 O-O 6. Nbd2 Nc6 7. c3 e5 8. e4 dxe4 9. dxe4 Be6 10. Qc2 Qe7 11. Ng5 Bd7 12. Nc4 h6 13. Nf3 Be6 14. Ne3 Rad8 15. Nh4 g6 16.
Nd5 Nxd5 17. exd5 g5 18. dxe6 gxh4 19. Bxh6 Rfe8 20. exf7+ Qxf7 21. Bd5 Re6 22. Bxe6 Qxe6 23. Qb3 Qxb3 24.
axb3 hxg3 25. fxg3 Bc5+ 26. Kg2 Rd2+ 27. Bxd2 1-0

[Event "Ruzomberok Closed 2020 - 3. turnaj"]
[Site "Ruzomberok, Slovakia"]
[Date "2020.09.05"]
[Round "3.3"]
[White "Jurgos, Samuel"]
[Black "Caban, Lubor"]
[Result "1-0"]
[TimeControl "10m + 5s"]
[WhiteElo "1073"]
[BlackElo "1668"]

1. d4 f5 2. Nf3 Nf6 3. Bf4 g6 4. e3 Bg7 5. c4 Nh5 6. Be5 O-O 7. Bxg7 Kxg7 8. Nc3 c6 9. Bd3 Qb6 10.
Qc2 e6 11. h3 Nf6 12. O-O-O Na6 13. a3 d6 14. Rdg1 c5 15. g4 cxd4 16. Nxd4 Nc5 17. gxf5 Nxd3+ 18. Qxd3 exf5 19. Kb1 Kh8 20.
Nd5 Nxd5 21. cxd5 Bd7 22. Rc1 Rac8 23. Ne6 Rxc1+ 24. Rxc1 Bxe6 25. dxe6 Re8 26. Qc3+ Kg8 27. Qf6 Rf8 28.
Qe7 Qa6 29. Qd7 Qd3+ 30. Ka1 Qd2 31. Rb1 1-0

[Event "Ruzomberok Closed 2020 - 3. turnaj"]
[Site "Ruzomberok, Slovakia"]
[Date "2020.09.05"]
[Round "3.4"]
[White "Hajtmansky, Milan"]
[Black "Gollner, Martin"]
[Result "0-1"]
[TimeControl "10m + 5s"]
[WhiteElo "1590"]
[BlackElo "1123"]

1. e4 c5 2. f4 e6 3. Nf3 Nc6 4. Bb5 a6 5. Bxc6 bxc6 6. c3 Nf6 7. d3 Be7 8. O-O O-O 9. a3 Qb6 10.
Kh1 d5 11. e5 Nd7 12. Nbd2 a5 13. Qb3 Ba6 14. Qxb6 Nxb6 15. Ne1 Rab8 16. Nc2 Bxd3 17. Ne1 Bxf1 18. Nxf1 Nc4 19. h3 Nxb2 20. Bxb2 Rxb2 21. Nd3 Rb3 22.
Nd2 Rxc3 23. Nf2 Rc2 24. Rd1 Rb8 25. Kg1 Rbb2 26. Kh2 Rxd2 27. Rxd2 Rxd2 28. Ng4 Bh4 29. a4 c4 30. Ne3 c3 31. Nf1 Rf2 32. Ne3 d4 33. Nc4 c2 34. Nxa5 c1=Q 0-1

[Event "Ruzomberok Closed 2020 - 3. turnaj"]
[Site "Ruzomberok, Slovakia"]
[Date "2020.09.05"]
[Round "3.5"]
[White "Ciglian, Michal"]
[Black "Novak, Michal"]
[Result "1/2-1/2"]
[TimeControl "10m + 5s"]
[WhiteElo "1388"]
[BlackElo "1096"]

1. d4 Nf6 2. c4 e6 3. Nc3 d5 4. Nf3 c5 5. cxd5 Nxd5 6. Nxd5 Qxd5 7. Bf4 Nc6 8. dxc5 Qxc5 9. a3 e5 10.
Bg3 Bg4 11. Rc1 Qd6 12. Qb3 Bxf3 13. exf3 Rd8 14. Qc3 Be7 15. Bb5 Bg5 16. Bxc6+ bxc6 17. Qxc6+ Qxc6 18. Rxc6 f6 19. O-O O-O 20.
Rc7 a5 21. h4 Bh6 22. b4 axb4 23. axb4 Bd2 24. b5 Ba5 25. Ra7 Bb6 26. Ra6 Rb8 27. f4 Bc7 28. fxe5 Rxb5 29. exf6 Bxg3 30.
fxg3 g6 31. Ra7 Rf7 32. Rxf7 Kxf7 33. g4 Rb4 34. g5 Rxh4 35. Re1 Rf4 36. Re7+ Kf8 37. Rxh7 Rf5 38. Rg7 Rxg5 39. Ra7 Rf5 40.
g4 Rxf6 41. Kg2 Rc6 42. Kg3 g5 43. Ra3 Kf7 44. Rf3+ Rf6 45. Rf5 Kg6 46. Ra5 Rb6 47. Ra3 Rb5 48. Ra6+ Kf7 49. Kf3 Rb4 50.
Ra7+ Kf6 51. Ra6+ Kf7 1/2-1/2

[Event "Ruzomberok Closed 2020 - 3. turnaj"]
[Site "Ruzomberok, Slovakia"]
[Date "2020.09.05"]
[Round "3.6"]
[White "Jurky, Marian"]
[Black "Demko, Ladislav"]
[Result "1-0"]
[TimeControl "10m + 5s"]
[WhiteElo "1347"]
[BlackElo "1701"]

1. c4 c5 2. Nc3 Nc6 3. g3 Nf6 4. Bg2 d6 5. e3 e6 6. Nge2 Be7 7. O-O O-O 8. d4 cxd4 9. exd4 d5 10. cxd5 exd5 11. Qb3 a5 12.
Nxd5 Nxd5 13. Qxd5 Qb6 14. Qb3 Qa6 15. Bxc6 Qxc6 16. Bf4 Bh3 17. d5 Qa6 18. Rfe1 Bb4 19. Nc3 Qd3 20. Qd1 Qa6 21.
Qe2 Qg6 22. a3 Bc5 23. Qe4 Bf5 24. Qc4 Rfc8 25. Qb5 b6 26. Na4 Bd3 27. Qb3 Bc2 28. Qb5 Bd3 29. Qd7 Bf5 30. Qb7 Bd4 1-0

[Event "Ruzomberok Closed 2020 - 3. turnaj"]
[Site "Ruzomberok, Slovakia"]
[Date "2020.09.05"]
[Round "3.7"]
[White "Gasper, Peter"]
[Black "Konkolova, Nikola"]
[Result "0-1"]
[TimeControl "10m + 5s"]
[WhiteElo "1650"]
[BlackElo "1483"]

1. c4 e5 2. Nc3 c6 3. e4 Bb4 4. a3 Bxc3 5. bxc3 d5 6. cxd5 cxd5 7. exd5 Qxd5 8. d4 exd4 9. Qxd4 Qxd4 10.
cxd4 Nc6 11. Be3 Nge7 12. Bc4 O-O 13. Nf3 Bg4 14. Ne5 Bh5 15. O-O Rad8 16. Nxc6 Nxc6 17. d5 Ne5 18. Bb3 Ng4 19.
Bxa7 Nf6 20. Bb6 Be2 21. Rfe1 Rde8 22. Bc5 Ba6 23. Bxf8 Kxf8 24. Rxe8+ Kxe8 25. d6 Kd7 26. Bxf7 Kxd6 27.
f3 h6 28. g4 Ke5 29. Kf2 Nd7 30. Kg3 g5 31. Re1+ Kf6 32. Bd5 Ne5 33. h4 gxh4+ 34. Kf2 Nd3+ 0-1

[Event "Ruzomberok Closed 2020 - 3. turnaj"]
[Site "Ruzomberok, Slovakia"]
[Date "2020.09.05"]
[Round "4.1"]
[White "Holly, Andrej"]
[Black "Konkol, Emil"]
[Result "1-0"]
[TimeControl "10m + 5s"]
[WhiteElo "1714"]
[BlackElo "1799"]

1. e4 e5 2. Nf3 Nc6 3. Bb5 a6 4. Ba4 Nf6 5. d4 exd4 6. O-O d6 7. Nxd4 Bd7 8. Nxc6 Bxc6 9. Bxc6+ bxc6 10. Nc3 Be7 11. f4 O-O 12.
Qf3 c5 13. Be3 Rb8 14. b3 Nd7 15. Rad1 Nb6 16. Nd5 Nxd5 17. Rxd5 c6 18. Rd3 Qa5 19. e5 d5 20. a4 c4 21.
bxc4 Qxa4 22. cxd5 Qxc2 23. Rd2 Qc3 24. d6 Bd8 25. Re2 a5 26. Rc1 Qd3 27. Rd2 Qb5 28. Qxc6 Qb3 29. Bc5 Bb6 30.
Bxb6 Rxb6 31. Qc3 Qxc3 32. Rxc3 Rd8 33. Rc7 Kf8 34. Ra7 Rb5 35. Rc2 Ke8 36. Rcc7 Rb1+ 37. Kf2 Rb2+ 38. Kg3 Rb3+ 39. Kg4 h5+ 40. Kf5 g6+ 41. Kf6 Rb4 42. Re7+ Kf8 43. Rxf7+ Kg8 44. Rg7+ Kf8 45. Raf7+ Ke8 46. Rg8# 1-0

[Event "Ruzomberok Closed 2020 - 3. turnaj"]
[Site "Ruzomberok, Slovakia"]
[Date "2020.09.05"]
[Round "4.2"]
[White "Gasper, Jaroslav"]
[Black "Jurgos, Samuel"]
[Result "0-1"]
[TimeControl "10m + 5s"]
[WhiteElo "1721"]
[BlackElo "1073"]

1. e4 c5 2. b4 b6 3. Bb2 Bb7 4. d3 Nc6 5. bxc5 bxc5 6. Nc3 Nf6 7. f4 d5 8. e5 Nd7 9. Nxd5 Ncxe5 10. c4 Bxd5 11. fxe5 Qa5+ 12.
Qd2 Qxd2+ 13. Kxd2 Rb8 14. Bc3 Ba8 15. Nf3 e6 16. Be2 Be7 17.
Rab1 O-O 18. h4 Bxf3 19. Bxf3 Bxh4 20. Rxb8 Bg5+ 21. Kc2 Rxb8 22. Be4 h6 23. g3 Be3 24. Bc6 Nf8 25. Rf1 Ng6 26.
Rf3 Bd4 27. Bxd4 cxd4 28. Rf1 Nxe5 29. Bb5 Ng4 30. Rb1 Ne3+ 31. Kd2 a6 32. a4 axb5 33. cxb5 Nd5 34. Kc2 0-1

[Event "Ruzomberok Closed 2020 - 3. turnaj"]
[Site "Ruzomberok, Slovakia"]
[Date "2020.09.05"]
[Round "4.3"]
[White "Jurky, Marian"]
[Black "Gollner, Martin"]
[Result "0-1"]
[TimeControl "10m + 5s"]
[WhiteElo "1347"]
[BlackElo "1123"]

1. e4 c5 2. Nf3 e6 3. c3 Nc6 4. d4 cxd4 5. cxd4 Bb4+ 6. Bd2 Qa5 7. Nc3 Nge7 8. a3 Bxc3 9. bxc3 O-O 10. Be2 Qc7 11. O-O b6 12.
c4 Bb7 13. d5 Ne5 14. Qc2 Rac8 15. Nxe5 Qxe5 16. f4 Qd4+ 17. Kh1 exd5 18. exd5 Nxd5 19. Bb4 Ne3 20. Qd3 Qxd3 21. Bxd3 Bxg2+ 22. Kg1 Bxf1 23. Bxf1 Nxf1 24.
Bxf8 Kxf8 25. Rxf1 Rxc4 26. Rd1 Ke7 27. Rf1 Rc3 28. a4 Rc4 29. a5 b5 30. Rb1 a6 31. Re1+ Kf6 32. Re5 Rxf4 33. Rc5 Rc4 34. Rd5 Ke6 35.
Rh5 h6 36. Rh3 Re4 37. Kf2 f5 38. Rc3 Kd5 39. Rc7 g5 40. Rxd7+ Kc5 41. Ra7 Re6 42. Rc7+ Kb4 43. Rf7 f4 44.
Kf3 h5 45. h4 Re3+ 46. Kf2 g4 47. Rxf4+ Rf3+ 48. Rxf3 gxf3 49. Kxf3 0-1

[Event "Ruzomberok Closed 2020 - 3. turnaj"]
[Site "Ruzomberok, Slovakia"]
[Date "2020.09.05"]
[Round "4.4"]
[White "Konkolova, Nikola"]
[Black "Novak, Michal"]
[Result "1-0"]
[TimeControl "10m + 5s"]
[WhiteElo "1483"]
[BlackElo "1096"]

1. e4 d5 2. exd5 Qxd5 3. Qf3 Nf6 4. Nc3 Qd8 5. Bc4 Bg4 6. Qxb7 Nbd7 7. Bb5 Bf5 8. d3 e6 9. Bg5 Qb8 10.
Qc6 e5 11. Bxf6 gxf6 12. Qxf6 Rg8 13. Qxf5 Qd8 14. Nd5 Be7 15. Qxe5 a6 16. Nf6+ Kf8 17. Nxd7+ Ke8 18. Nf6+ Kf8 19. Nxh7# 1-0